[Event "Titled Tuesday Blitz October 18 Late 2022"]
[White "Gubajdullin, Alexei"]
[Black "Storey, Charles H"]
[WhiteFideId "4141202"]
[BlackFideId "406686"]
[WhiteElo "2200"]
[BlackElo "2252"]
[Result "1/2-1/2"]
[Round "10"]
[TimeControl "180+1"]
[Date "2022.10.19"]
[WhiteClock "0:00:09"]
[BlackClock "0:00:05"]

1. d4 g6 2. Nf3 Bg7 3. Bf4 c6 4. Nbd2 d5 5. e3 Nf6 6. Be2 Nbd7 7. h3 O-O 8. O-O Re8 9. Ne5 Nxe5 10. Bxe5 Nd7 11. Bxg7 Kxg7 12. c4 dxc4 13. Nxc4 Nb6 14. Na5 Nd5 15. Qd2 e5 16. dxe5 Rxe5 17. Qd4 Qf6 18. a3 Rg5 19. Qxf6+ Kxf6 20. h4 Re5 21. b4 Nc3 22. Bf3 Re7 23. Rac1 Nb5 24. a4 Nd6 25. Rfd1 Nf5 26. g3 Be6 27. b5 cxb5 28. axb5 Rb8 29. Rd2 h6 30. Rdc2 Nd6 31. Rb2 Rc8 32. Rd1 Nc4 33. Nxc4 Bxc4 34. Rd6+ Kg7 35. h5 gxh5 36. Bxh5 Rc5 37. Bf3 Rxb5 38. Rc2 Be6 39. Kg2 b6 40. Rd8 Rc5 41. Rxc5 bxc5 42. Rd6 Rc7 43. Ra6 c4 44. Be4 c3 45. Bc2 Bd7 46. f4 Be6 47. e4 Bc4 48. Ra3 Bb5 49. Kf3 a6 50. Ke3 f6 51. Kd4 Rc4+ 52. Ke3 h5 53. Ra1 Rb4 54. Rh1 Rb2 55. Rc1 a5 56. Kd4 a4 57. Kxc3 Ra2 58. Rh1 Ra3+ 59. Kb4 Ra2 60. Kxb5 Rxc2 61. Kxa4 Kg6 62. Kb4 Re2 63. Kc4 Rxe4+ 64. Kd3 Re8 65. Rh2 Re7 66. Rh4 Re8 67. Rh2 Re7 68. Rh4 Re8 69. Rh2 1/2-1/2


[Site "https://www.chess.com"]

[Event "Titled Tuesday Blitz October 18 Late 2022"]
[White "Guliyev, Namig"]
[Black "Czernek, Tymon"]
[WhiteFideId "13400363"]
[BlackFideId "1199510"]
[WhiteElo "2526"]
[BlackElo "2240"]
[Result "1-0"]
[Round "10"]
[TimeControl "180+1"]
[Date "2022.10.18"]
[WhiteClock "0:00:43"]
[BlackClock "0:00:14"]

1. e4 c5 2. Nf3 d6 3. Bb5+ Nd7 4. d4 cxd4 5. Qxd4 e5 6. Qd3 h6 7. O-O Nf6 8. c4 Be7 9. Nc3 O-O 10. Bxd7 Bxd7 11. b3 a6 12. a4 Rc8 13. Ba3 Qb6 14. Nxe5 Be6 15. Nd5 Bxd5 16. exd5 Rfe8 17. Nf3 Nd7 18. a5 Qc7 19. Bb2 Nc5 20. Qc2 Qd8 21. Rfe1 Nd7 22. g3 Bf6 23. Rxe8+ Qxe8 24. Bxf6 Nxf6 25. Re1 Qd8 26. Qd2 b6 27. Ra1 Rb8 28. Nd4 Qc7 29. Nc6 Re8 30. axb6 Qxb6 31. Qb4 Qc7 32. Rxa6 Qd7 33. Ra1 Qh3 34. Re1 Ra8 35. Qb7 Ra2 36. Qc8+ Qxc8 37. Ne7+ Kf8 38. Nxc8 Rb2 39. Nxd6 Rxb3 40. Kg2 Rc3 41. h3 g6 42. g4 Kg7 43. Re3 Rc2 44. Kf3 g5 45. Re7 Kg6 46. Nxf7 Rc3+ 47. Kg2 1-0


[Site "https://www.chess.com"]

[Event "Titled Tuesday Blitz October 18 Late 2022"]
[White "Hajiyev, Kanan"]
[Black "Ismayil, Malak"]
[WhiteFideId "13404148"]
[BlackFideId "13412604"]
[WhiteElo "2118"]
[BlackElo "1879"]
[Result "1-0"]
[Round "10"]
[TimeControl "180+1"]
[Date "2022.10.19"]
[WhiteClock "0:00:35"]
[BlackClock "0:00:01"]

1. d4 Nf6 2. Nf3 g6 3. c4 Bg7 4. g3 O-O 5. Bg2 d6 6. O-O Nc6 7. b3 e5 8. Bb2 e4 9. Nfd2 Re8 10. d5 Nb8 11. e3 Bg4 12. Qc2 Be2 13. Nxe4 Bxf1 14. Nxf6+ Bxf6 15. Bxf1 Bxb2 16. Qxb2 Nd7 17. Nc3 Qf6 18. Rd1 a6 19. Qc2 h5 20. h4 Ne5 21. Be2 Nf3+ 22. Kg2 Ne5 23. Rd4 Re7 24. Rf4 Qg7 25. Ne4 Nd7 26. a4 Rae8 27. Ng5 Nf8 28. Bd3 f6 29. Nf3 c5 30. dxc6 bxc6 31. c5 d5 32. Nd4 Rc7 33. Bxa6 Ne6 34. Nxe6 Rxe6 35. Bd3 f5 36. a5 Ra7 37. a6 Qe7 38. b4 Qc7 39. Qb2 Re5 40. b5 cxb5 41. Qxb5 Kg7 42. Rd4 Qd7 43. c6 Qd6 44. Qb6 Rc7 45. a7 Re8 46. Qb7 Rxb7 47. cxb7 Qb6 48. a8=Q 1-0


[Site "https://www.chess.com"]

[Event "Titled Tuesday Blitz October 18 Late 2022"]
[White "Hansen, Eric"]
[Black "Mikhailov, Viacheslav"]
[WhiteFideId "2606771"]
[BlackFideId "4187369"]
[WhiteElo "2568"]
[BlackElo "2381"]
[Result "1/2-1/2"]
[Round "10"]
[TimeControl "180+1"]
[Date "2022.10.18"]
[WhiteClock "0:00:01"]
[BlackClock "0:00:03"]

1. b3 Nf6 2. Bb2 g6 3. Nf3 Bg7 4. c4 O-O 5. e3 d6 6. Be2 c5 7. O-O Nc6 8. d4 cxd4 9. Nxd4 Bd7 10. Bf3 Nxd4 11. Bxd4 Bc6 12. Bb2 Qa5 13. Bxc6 bxc6 14. Nd2 Rab8 15. h3 Rfd8 16. Nf3 Ne8 17. Nd4 Qc7 18. Qe2 c5 19. Nb5 Qa5 20. Bxg7 Kxg7 21. Rac1 Nf6 22. Nc3 d5 23. cxd5 Nxd5 24. Na4 Rbc8 25. Rfd1 Kg8 26. Rc4 Nb6 27. Rxd8+ Rxd8 28. Rxc5 Qb4 29. Rb5 Qa3 30. Nxb6 Qc1+ 31. Kh2 axb6 32. Qf3 Rd1 33. g3 Qd2 34. Rxb6 Qe1 35. h4 Rd2 36. Kg2 Rd1 37. Kh3 Rd2 38. Kg2 Rd1 39. Rb8+ Kg7 40. Kh2 Rd2 41. Kg2 Rd1 42. Kh3 Rd2 43. Kg2 Rd1 1/2-1/2


[Site "https://www.chess.com"]

[Event "Titled Tuesday Blitz October 18 Late 2022"]
[White "Harvey, Marcus R"]
[Black "Bilych, Olexiy"]
[WhiteFideId "400092"]
[BlackFideId "14156504"]
[WhiteElo "2457"]
[BlackElo "2320"]
[Result "0-1"]
[Round "10"]
[TimeControl "180+1"]
[Date "2022.10.18"]
[WhiteClock "0:00:43"]
[BlackClock "0:01:30"]

1. d4 Nf6 2. c4 c5 3. d5 e6 4. Nc3 g6 5. dxe6 fxe6 6. e4 Nc6 7. f4 d6 8. Nf3 Bg7 9. Be2 O-O 10. O-O e5 11. fxe5 dxe5 12. Bg5 Qxd1 13. Raxd1 Nd4 14. Bxf6 Bxf6 15. Nxd4 exd4 16. Nd5 Be5 17. Rxf8+ Kxf8 18. Rf1+ Kg7 19. h3 h5 20. g4 hxg4 21. Bxg4 Bxg4 22. hxg4 Rh8 23. b4 Rh4 24. bxc5 Rxg4+ 25. Kf2 Rxe4 26. Kf3 Rh4 27. Rb1 d3 28. Rxb7+ Kh6 29. Ke3 Rxc4 30. Rxa7 d2 31. Kxd2 Rd4+ 32. Kc3 Ra4+ 0-1


[Site "https://www.chess.com"]

[Event "Titled Tuesday Blitz October 18 Late 2022"]
[White "Ibadov, Dashgyn"]
[Black "Papasimakopoulos, Alexandros"]
[WhiteFideId "24107514"]
[BlackFideId "4244125"]
[WhiteElo "2208"]
[BlackElo "2357"]
[Result "0-1"]
[Round "10"]
[TimeControl "180+1"]
[Date "2022.10.18"]
[WhiteClock "0:00:01"]
[BlackClock "0:00:49"]

1. e4 e6 2. d4 d5 3. Nc3 Bb4 4. e5 b6 5. a3 Bf8 6. Qg4 Ne7 7. Nf3 Qd7 8. h4 Ba6 9. Bxa6 h5 10. Qf4 Nxa6 11. Be3 Nf5 12. Ng5 O-O-O 13. O-O-O Nb8 14. Ne2 f6 15. Nf3 Nc6 16. Ng3 Nce7 17. Nxf5 Nxf5 18. g4 hxg4 19. Qxg4 Kb7 20. h5 Qf7 21. Bf4 Be7 22. Rdg1 Rdg8 23. Qg6 Qxg6 24. Rxg6 Rf8 25. c3 Rh7 26. exf6 gxf6 27. h6 Kc8 28. Kd2 Kd7 29. Kd3 Ke8 30. Re1 Kf7 31. Rg2 c5 32. dxc5 bxc5 33. c4 d4 34. Rh2 a5 35. Nh4 Nxh4 36. Rxh4 e5 37. Bc1 a4 38. f4 f5 39. Rh5 e4+ 40. Kc2 Kg6 41. Reh1 Rg8 42. R5h3 Kf6 43. b3 axb3+ 44. Kxb3 e3 45. a4 Bd6 46. a5 Bxf4 47. Ka4 Rb8 48. Ba3 Bd6 49. a6 f4 50. Ka5 d3 51. Rh5 d2 52. Rd5 Ke6 53. Rhh5 Ra7 54. Bxc5 Bc7+ 0-1


[Site "https://www.chess.com"]

[Event "Titled Tuesday Blitz October 18 Late 2022"]
[White "Itkis, Boris"]
[Black "Hemam, Moulaye Brahim"]
[WhiteFideId "1209167"]
[BlackFideId "19600054"]
[WhiteElo "2232"]
[BlackElo "2088"]
[Result "1-0"]
[Round "10"]
[TimeControl "180+1"]
[Date "2022.10.19"]
[WhiteClock "0:02:29"]
[BlackClock "0:00:02"]

1. c4 Nf6 2. Nf3 e6 3. b3 d5 4. Bb2 Be7 5. e3 O-O 6. g3 b6 7. Bg2 Bb7 8. O-O Nbd7 9. d3 c5 10. Nbd2 Rc8 11. Re1 h6 12. e4 dxe4 13. Nxe4 Nxe4 14. dxe4 Bf6 15. e5 Be7 16. Nd2 Bxg2 17. Kxg2 Qc7 18. f4 f6 19. exf6 Bxf6 20. Bxf6 Nxf6 21. Rxe6 Qd7 22. Qe2 Rce8 23. Re1 Rxe6 24. Qxe6+ Qxe6 25. Rxe6 Rd8 26. Nf3 Kf7 27. Rc6 Ng4 28. h3 Ne3+ 29. Kf2 Nd1+ 30. Ke1 Nc3 31. Ne5+ Kg8 32. h4 Rd1+ 33. Kf2 Rd2+ 34. Kf3 Rxa2 35. h5 Rh2 36. Rc8+ Kh7 37. Kg4 g6 38. Rc7+ Kg8 39. hxg6 1-0


[Site "https://www.chess.com"]

[Event "Titled Tuesday Blitz October 18 Late 2022"]
[White "Jaferian, Koosha"]
[Black "Decuigniere, Tom"]
[WhiteFideId "12507440"]
[BlackFideId "26093820"]
[WhiteElo "2127"]
[BlackElo "2223"]
[Result "1/2-1/2"]
[Round "10"]
[TimeControl "180+1"]
[Date "2022.10.18"]
[WhiteClock "0:00:10"]
[BlackClock "0:00:17"]

1. Nf3 c5 2. b3 g6 3. Bb2 Nf6 4. c4 Bg7 5. g3 O-O 6. Bg2 Nc6 7. O-O b6 8. d4 cxd4 9. Nxd4 Bb7 10. Nc3 Qc8 11. Nc2 d6 12. Ne3 Ne5 13. Qd2 Bxg2 14. Kxg2 Qb7+ 15. f3 a6 16. Ned5 b5 17. Nxf6+ Bxf6 18. Nd5 Bg7 19. cxb5 axb5 20. e4 Rfc8 21. f4 Ng4 22. Bxg7 Kxg7 23. h3 Nf6 24. Qd4 Rc2+ 25. Rf2 Rxf2+ 26. Kxf2 Qc6 27. g4 Qc2+ 28. Kf3 Rxa2 29. Rxa2 Qxa2 30. g5 Qxb3+ 31. Ne3 Qe6 32. gxf6+ exf6 33. f5 Qe5 34. Qxe5 fxe5 35. Nd5 h5 36. f6+ Kh6 37. h4 g5 38. Kg3 Kg6 39. Kh3 Kh6 40. Kg3 Kg6 41. Kh3 Kh6 42. hxg5+ Kxg5 43. Kg3 b4 44. Nxb4 Kxf6 45. Kh4 Ke6 46. Kg5 h4 47. Kxh4 f5 48. exf5+ Kxf5 49. Kg3 Ke4 50. Kf2 Kd4 51. Ke2 Kc3 52. Nd5+ Kd4 53. Nf6 d5 54. Nxd5 Kxd5 55. Kd3 e4+ 56. Ke3 Ke5 57. Ke2 Kd4 58. Kd2 e3+ 59. Ke2 Ke4 60. Ke1 Kd3 61. Kd1 e2+ 62. Ke1 Ke3 1/2-1/2


[Site "https://www.chess.com"]

[Event "Titled Tuesday Blitz October 18 Late 2022"]
[White "Jaracz, Pawel"]
[Black "Girsh, Daniel"]
[WhiteFideId "1102222"]
[BlackFideId "30949190"]
[WhiteElo "2459"]
[BlackElo "2075"]
[Result "1-0"]
[Round "10"]
[TimeControl "180+1"]
[Date "2022.10.18"]
[WhiteClock "0:00:20"]
[BlackClock "0:00:06"]

1. d3 d5 2. Nf3 g6 3. Nbd2 Bg7 4. e4 d4 5. g3 Nc6 6. Bg2 e5 7. O-O Nge7 8. Nh4 O-O 9. f4 f5 10. Ndf3 fxe4 11. dxe4 exf4 12. gxf4 Bh6 13. Ng5 Bxg5 14. fxg5 Rxf1+ 15. Qxf1 Ne5 16. Nf3 N7c6 17. Nxe5 Nxe5 18. Bf4 Qe7 19. Rd1 c5 20. c3 Bg4 21. cxd4 Bxd1 22. Bxe5 Bg4 23. Bf6 Qd6 24. d5 Qb6 25. e5 c4+ 26. Kh1 Qe3 27. e6 Rc8 28. h3 Bf5 29. Qf3 Qxf3 30. Bxf3 b5 31. a3 a5 32. Bc3 b4 33. axb4 axb4 34. Bxb4 Rb8 35. Bc3 Kf8 36. Bf6 Rb3 37. Kg2 Ke8 38. h4 Rd3 39. Kf2 Rd2+ 40. Ke3 Rd3+ 41. Kf4 Rd2 42. h5 Rd3 43. h6 Rd2 44. Bc3 Rd3 45. Be2 Ke7 46. Bxd3 Bxd3 47. Ke5 Bf5 48. Bb4+ Ke8 49. d6 c3 50. d7+ Kd8 51. Ba5+ Ke7 52. d8=Q# 1-0


[Site "https://www.chess.com"]

[Event "Titled Tuesday Blitz October 18 Late 2022"]
[White "Jean Louis, Marckens"]
[Black "Rose, Felix"]
[WhiteFideId "11900270"]
[BlackFideId "5105722"]
[WhiteElo "2030"]
[BlackElo "2039"]
[Result "1/2-1/2"]
[Round "10"]
[TimeControl "180+1"]
[Date "2022.10.19"]
[WhiteClock "0:01:37"]
[BlackClock "0:00:11"]

1. d4 d5 2. Nf3 Nf6 3. c3 e6 4. Bg5 c5 5. e3 Be7 6. Nbd2 O-O 7. Bd3 Nc6 8. O-O Qc7 9. Re1 Re8 10. Rc1 h6 11. Bf4 Bd6 12. Bxd6 Qxd6 13. e4 dxe4 14. Nxe4 Nxe4 15. Bxe4 cxd4 16. Bxc6 Qxc6 17. cxd4 Qb6 18. Ne5 Rd8 19. Qf3 f6 20. Ng6 Qxd4 21. Rcd1 Qb6 22. h4 Bd7 23. b3 e5 24. Qd5+ Be6 25. Qe4 Rxd1 26. Rxd1 Rd8 27. Rxd8+ Qxd8 28. Qxb7 Qd1+ 29. Kh2 Qg4 30. Qb8+ Kf7 31. Nh8+ Ke7 32. Qxa7+ Bd7 33. Qc5+ Kd8 34. Nf7+ Ke8 35. Nd6+ Kd8 36. g3 Qf3 37. Qe3 Qxe3 38. fxe3 Kc7 39. Nc4 Be6 40. Nd2 Kc6 41. Kg2 Kc5 42. a3 f5 43. Kf2 g5 44. hxg5 hxg5 45. Ke2 Bf7 46. Kd3 Bd5 47. Kc3 f4 48. exf4 exf4 49. gxf4 gxf4 50. Kd3 Kb5 51. Kd4 Bxb3 52. Nxb3 Ka4 53. Nd2 Kxa3 54. Ke4 Kb2 55. Kxf4 1/2-1/2


[Site "https://www.chess.com"]

[Event "Titled Tuesday Blitz October 18 Late 2022"]
[White "Jimenez Fernandez, Rebeca"]
[Black "Vargas, Mauricio"]
[WhiteFideId "32070934"]
[BlackFideId "4404572"]
[WhiteElo "1946"]
[BlackElo "2025"]
[Result "1-0"]
[Round "10"]
[TimeControl "180+1"]
[Date "2022.10.19"]
[WhiteClock "0:01:01"]
[BlackClock "0:00:20"]

1. e4 d5 2. exd5 Qxd5 3. Nc3 Qa5 4. g3 c6 5. Bg2 Nf6 6. Nf3 Bg4 7. O-O Nbd7 8. d4 O-O-O 9. Bf4 h6 10. Qd3 g5 11. Bd2 Qb6 12. a4 Nc5 13. Qc4 Nce4 14. a5 Qc7 15. a6 Bxf3 16. axb7+ Qxb7 17. Nxe4 Bxg2 18. Nc5 Bxf1 19. Qxf1 Qb5 20. c4 Qxb2 21. Ba5 Rxd4 22. Rb1 Qa3 23. Rb8+ Kxb8 24. Qb1+ Qb2 25. Qxb2+ Kc8 26. Qb7# 1-0


[Site "https://www.chess.com"]

[Event "Titled Tuesday Blitz October 18 Late 2022"]
[White "Joubert, Dantelle"]
[Black "De Souza, Cristiano Gomes"]
[WhiteFideId "14310813"]
[BlackFideId "2151758"]
[WhiteElo "1507"]
[BlackElo "2068"]
[Result "1/2-1/2"]
[Round "10"]
[TimeControl "180+1"]
[Date "2022.10.19"]
[WhiteClock "0:00:21"]
[BlackClock "0:00:44"]

1. d4 Nf6 2. c4 g6 3. Nc3 d6 4. e4 Bg7 5. Nf3 O-O 6. Be2 e5 7. dxe5 dxe5 8. Qxd8 Rxd8 9. Bg5 Re8 10. Nd5 Nxd5 11. cxd5 c6 12. Bc4 b5 13. Bb3 a5 14. a4 Bb7 15. axb5 cxd5 16. exd5 e4 17. Nd2 Bxb2 18. Rb1 Bc3 19. O-O Nd7 20. Nc4 Bxd5 21. Rfd1 Bxc4 22. Bxc4 Nb6 23. Ba2 Kg7 24. Be3 Rab8 25. Rd6 Nc8 26. Rd7 Ne7 27. b6 Bb4 28. Rc1 Red8 29. Rcc7 Rxd7 30. Rxd7 Kf8 31. Bb3 Ke8 32. Ba4 Kf8 33. Bb3 Ke8 34. Ba4 Kf8 35. Bh6+ Kg8 36. Be3 Kf8 1/2-1/2


[Site "https://www.chess.com"]

[Event "Titled Tuesday Blitz October 18 Late 2022"]
[White "Kaganskiy, Gleb"]
[Black "Drost, Peter"]
[WhiteFideId "4132025"]
[BlackFideId "1017896"]
[WhiteElo "2165"]
[BlackElo "2382"]
[Result "0-1"]
[Round "10"]
[TimeControl "180+1"]
[Date "2022.10.19"]
[WhiteClock "0:02:06"]
[BlackClock "0:02:20"]

1. e4 c5 2. Nf3 d6 3. Nc3 Nf6 4. e5 dxe5 5. Nxe5 e6 6. Bb5+ Bd7 7. d4 Bxb5 8. Nxb5 a6 9. Nc3 cxd4 10. Qf3 dxc3 11. Qxb7 Nbd7 12. Nxd7 Nxd7 13. Bg5 Qc8 0-1


[Site "https://www.chess.com"]

[Event "Titled Tuesday Blitz October 18 Late 2022"]
[White "Kirillov, Dmitry"]
[Black "Hoffmann, Asa"]
[WhiteFideId "34180572"]
[BlackFideId "2001470"]
[WhiteElo "2095"]
[BlackElo "2117"]
[Result "0-1"]
[Round "10"]
[TimeControl "180+1"]
[Date "2022.10.19"]
[WhiteClock "0:00:14"]
[BlackClock "0:01:01"]

1. e4 d6 2. d4 Nf6 3. Nc3 c6 4. Nf3 Bg4 5. Be2 e6 6. O-O d5 7. e5 Nfd7 8. Ng5 Bf5 9. Bd3 Bg6 10. Qf3 Qe7 11. Ne2 Bxd3 12. Qxd3 h6 13. Nf3 c5 14. c3 Nc6 15. Be3 g6 16. Ne1 Bg7 17. f4 O-O 18. Nf3 Rac8 19. Qb5 b6 20. Qd3 c4 21. Qd2 b5 22. f5 exf5 23. Bxh6 b4 24. Bxg7 Kxg7 25. Nf4 Nb6 26. Rae1 Nd8 27. e6 Nxe6 28. Nxe6+ fxe6 29. Ng5 Rf6 30. Re5 Nd7 31. Re2 bxc3 32. bxc3 Rc6 33. Rfe1 f4 34. g3 fxg3 35. hxg3 Nf8 36. Re5 Rf5 37. g4 Rxe5 38. Rxe5 Qf6 39. Re1 Nh7 40. Nxh7 Kxh7 41. Rf1 Qe7 42. Qf4 Kg7 43. Qe5+ Kg8 44. g5 Rc7 45. Rf6 Kh7 46. Rxe6 Qg7 47. Rf6 Re7 48. Qh2+ Kg8 49. Qb8+ Kh7 50. Qh2+ Kg8 51. Qf2 Rf7 52. Rxf7 Qxf7 53. Qxf7+ Kxf7 54. Kf2 Ke6 55. Kg3 Kf5 56. Kh4 Kf4 57. a3 Kf5 58. a4 Kf4 59. a5 Kf5 60. a6 Kf4 61. Kh3 Kxg5 62. Kg3 Kf5 63. Kf3 g5 64. Kg3 Ke4 65. Kg2 Kd3 66. Kf2 Kxc3 67. Kg1 Kxd4 68. Kg2 c3 69. Kg3 c2 70. Kg2 c1=Q 71. Kg3 Qf4+ 72. Kg2 Ke3 73. Kh1 Qg4 74. Kh2 Kf2 0-1


[Site "https://www.chess.com"]

[Event "Titled Tuesday Blitz October 18 Late 2022"]
[White "Kowalysko, Roman"]
[Black "Winkels, Marcel"]
[WhiteFideId "30918510"]
[BlackFideId "1003887"]
[WhiteElo "2144"]
[BlackElo "1900"]
[Result "1-0"]
[Round "10"]
[TimeControl "180+1"]
[Date "2022.10.19"]
[WhiteClock "0:01:29"]
[BlackClock "0:01:01"]

1. e4 c5 2. Nf3 d6 3. d4 cxd4 4. Nxd4 Nf6 5. Nc3 a6 6. Bg5 e6 7. f4 Be7 8. Qf3 Qc7 9. O-O-O Nbd7 10. Qg3 b5 11. Bxf6 Bxf6 12. Bxb5 axb5 13. Ndxb5 Qb8 14. Nxd6+ Ke7 15. e5 Ba6 16. exf6+ gxf6 17. Rhe1 Rg8 18. Qh3 Qb4 19. Rxe6+ Kf8 20. Qh6+ Rg7 21. Re4 Qb6 22. Nf5 1-0


[Site "https://www.chess.com"]

[Event "Titled Tuesday Blitz October 18 Late 2022"]
[White "Koziorowicz, Michal"]
[Black "Pinheiro, Iung Alicio de O."]
[WhiteFideId "21809194"]
[BlackFideId "2104350"]
[WhiteElo "2220"]
[BlackElo "2283"]
[Result "0-1"]
[Round "10"]
[TimeControl "180+1"]
[Date "2022.10.18"]
[WhiteClock "0:00:01"]
[BlackClock "0:00:10"]

1. e4 c5 2. Nf3 Nc6 3. Bb5 e5 4. O-O Bd6 5. c3 Nf6 6. d4 Qe7 7. Re1 a6 8. Bf1 O-O 9. Bg5 h6 10. Bh4 Bc7 11. Nbd2 d6 12. h3 Kh8 13. a4 g5 14. Bg3 g4 15. hxg4 Bxg4 16. Qb3 Rab8 17. d5 Nd8 18. Nh2 Bd7 19. Bh4 Rg8 20. Qd1 Rg6 21. Be2 Qf8 22. Bh5 Nxh5 23. Qxh5 Qg7 24. Qf3 f6 25. Ndf1 Nf7 26. Ne3 Ng5 27. Bxg5 Rxg5 28. Nhf1 f5 29. Nxf5 Bxf5 30. exf5 c4 31. Re4 Rf8 32. Ng3 b5 33. axb5 axb5 34. Ra7 Rf7 35. f6 Qg6 36. Rh4 Rxf6 37. Qe3 Rf7 38. Rh2 Kh7 39. Ne4 Rgf5 40. f3 Bd8 41. Rxf7+ Rxf7 42. Kh1 Bg5 43. Nxg5+ Kg7 44. Ne4 Ra7 45. Rh3 Ra1+ 46. Kh2 Kh7 47. Nf2 Ra8 48. Ng4 h5 49. Rxh5+ Kg7 50. Rg5 Rh8+ 0-1


[Site "https://www.chess.com"]

[Event "Titled Tuesday Blitz October 18 Late 2022"]
[White "Li, Ruifeng"]
[Black "Thomforde-Toates, Noah"]
[WhiteFideId "2061074"]
[BlackFideId "30951992"]
[WhiteElo "2441"]
[BlackElo "2682"]
[Result "1-0"]
[Round "10"]
[TimeControl "180+1"]
[Date "2022.10.18"]
[WhiteClock "0:01:04"]
[BlackClock "0:00:07"]

1. b3 Nf6 2. Bb2 g6 3. g4 Bg7 4. g5 Nh5 5. Bxg7 Nxg7 6. d4 h6 7. gxh6 Rxh6 8. Qd2 Rh8 9. Nc3 d6 10. e4 Nc6 11. O-O-O e5 12. Bb5 Bd7 13. dxe5 Nxe5 14. f4 Nc6 15. Nf3 Nh5 16. Nd5 a6 17. Qc3 Rg8 18. Be2 Be6 19. Ng5 Bxd5 20. exd5 Ne7 21. Bxh5 gxh5 22. Qf6 Rf8 23. Rhe1 Kd7 24. Nxf7 Rxf7 25. Qxf7 Qf8 26. Qe6+ Kd8 27. Kb1 a5 28. a4 Ra6 29. f5 Nxf5 30. Rf1 Rb6 31. Rxf5 Qg7 32. Rdf1 Rxb3+ 33. cxb3 Qh7 34. Ka2 1-0


[Site "https://www.chess.com"]

[Event "Titled Tuesday Blitz October 18 Late 2022"]
[White "Lima, Endson Dos Santos"]
[Black "Gonzalez, Francisco Silva"]
[WhiteFideId "2133199"]
[BlackFideId "1512285"]
[WhiteElo "1953"]
[BlackElo "2159"]
[Result "1-0"]
[Round "10"]
[TimeControl "180+1"]
[Date "2022.10.19"]
[WhiteClock "0:00:12"]
[BlackClock "0:00:57"]

1. d4 Nf6 2. Nf3 d5 3. c4 e6 4. g3 dxc4 5. Bg2 Nc6 6. O-O Rb8 7. Nbd2 Nxd4 8. Nxd4 Qxd4 9. Qc2 b5 10. a4 a6 11. Nf3 Qe4 12. Qxe4 Nxe4 13. Ne5 f5 14. axb5 Rxb5 15. Nxc4 Bc5 16. Be3 O-O 17. Bxe4 fxe4 18. Bxc5 Rxc5 19. Rfc1 e5 20. Ne3 Rb5 21. Rab1 Rf7 22. Rc4 Bb7 23. Rc2 h5 24. h4 Rd7 25. Rbc1 c6 26. Rd1 Rd4 27. Rdd2 g6 28. Nc4 Rxd2 29. Rxd2 Rd5 30. Rxd5 cxd5 31. Nxe5 Kg7 32. Nd7 d4 33. e3 d3 34. Kf1 a5 35. Ke1 Bc6 36. Nc5 Kf6 37. f3 Kf5 38. fxe4+ Bxe4 39. Kd2 a4 40. Nxd3 Bxd3 41. Kxd3 g5 42. hxg5 Kxg5 43. e4 Kg4 44. e5 Kxg3 45. e6 h4 46. e7 h3 47. e8=Q h2 48. Qg6+ Kf2 49. Qh5 Kg2 50. Qg4+ Kh1 51. Ke2 a3 52. Kf2 a2 53. Qg2# 1-0


[Site "https://www.chess.com"]

[Event "Titled Tuesday Blitz October 18 Late 2022"]
[White "Madaminov, Mukhiddin"]
[Black "Goltsev, Dmitry"]
[WhiteFideId "14210703"]
[BlackFideId "24176710"]
[WhiteElo "2341"]
[BlackElo "2257"]
[Result "1-0"]
[Round "10"]
[TimeControl "180+1"]
[Date "2022.10.18"]
[WhiteClock "0:01:50"]
[BlackClock "0:02:03"]

1. d4 Nf6 2. Nc3 e6 3. Bf4 d5 4. Nb5 Bd6 5. Nxd6+ cxd6 6. c3 Nc6 7. e3 e5 8. Bg3 Be6 9. Nf3 Ne4 10. Be2 Nxg3 11. hxg3 h6 12. Qb3 Qb6 13. Kd2 O-O 14. Rhc1 Rac8 15. Qxb6 axb6 16. b3 e4 17. Ne1 f5 18. Nc2 Rc7 19. Nb4 Nxb4 20. cxb4 Rfc8 21. Rxc7 Rxc7 22. a4 Kf7 23. a5 bxa5 24. bxa5 Bc8 25. b4 Ke6 26. b5 g5 27. a6 bxa6 28. bxa6 Ra7 29. Kc3 Kd7 30. Kb4 Kc7 31. Ka5 Kb8 32. Kb6 Rh7 33. Bb5 Bb7 34. axb7 Rxb7+ 35. Kc6 Rc7+ 36. Kxd6 Rc2 37. Bc6 1-0


[Site "https://www.chess.com"]

[Event "Titled Tuesday Blitz October 18 Late 2022"]
[White "Manukian, Artak"]
[Black "Rustemov, Alexander"]
[WhiteFideId "13301373"]
[BlackFideId "4119002"]
[WhiteElo "2499"]
[BlackElo "2758"]
[Result "0-1"]
[Round "10"]
[TimeControl "180+1"]
[Date "2022.10.18"]
[WhiteClock "0:01:31"]
[BlackClock "0:02:07"]

1. e4 e6 2. d3 c5 3. g3 Nc6 4. Bg2 g6 5. Ne2 Bg7 6. f4 Nge7 7. O-O O-O 8. Nd2 d6 9. Nf3 f5 10. h4 h6 11. c3 b6 12. Be3 Bb7 13. Qc2 Qd7 14. Rad1 Rae8 15. Rfe1 Kh7 16. a3 Ng8 17. h5 gxh5 18. Nh4 Nf6 19. d4 Ne7 20. exf5 Nxf5 21. Bxb7 Qxb7 22. Nxf5 exf5 23. Qxf5+ Kh8 24. Bf2 Qf3 25. Nc1 Ne4 26. Rxe4 Qxd1+ 0-1


[Site "https://www.chess.com"]

[Event "Titled Tuesday Blitz October 18 Late 2022"]
[White "Matinian, Nikita"]
[Black "Keymer, Vincent"]
[WhiteFideId "24129100"]
[BlackFideId "12940690"]
[WhiteElo "2422"]
[BlackElo "2600"]
[Result "1/2-1/2"]
[Round "10"]
[TimeControl "180+1"]
[Date "2022.10.18"]
[WhiteClock "0:00:04"]
[BlackClock "0:00:05"]

1. e4 c6 2. d4 d5 3. e5 Bf5 4. Nf3 e6 5. Be2 c5 6. Be3 Qb6 7. Nc3 Nc6 8. Bb5 Rc8 9. dxc5 Bxc5 10. Bxc5 Qxc5 11. Qd4 Qxd4 12. Nxd4 Ne7 13. f4 O-O 14. Nxf5 Nxf5 15. O-O-O Nb4 16. Rhe1 d4 17. a3 Nxc2 18. Kxc2 dxc3 19. bxc3 Rc5 20. Bd3 Rfc8 21. Bxf5 Rxc3+ 22. Kb2 exf5 23. Rd7 R3c7 24. Red1 Kf8 25. g3 Ke8 26. R7d2 h5 27. Re1 Ke7 28. Re3 Rd8 29. Rxd8 Kxd8 30. Rd3+ Rd7 31. Rb3 b6 32. Kc2 g6 33. h4 Rd5 34. Rc3 Kd7 35. Kb3 Rb5+ 36. Ka4 Rd5 37. Kb4 a6 38. a4 Rd4+ 39. Kb3 b5 40. axb5 axb5 41. Re3 Ke6 42. Rc3 Kd5 43. Rc7 Rd3+ 44. Kb4 Rxg3 45. Rxf7 Rg4 46. Rd7+ Ke6 47. Rd6+ Kf7 48. Kxb5 Rxf4 49. Kc6 Ra4 50. Rf6+ Kg7 51. Kd5 Ra5+ 52. Ke6 Ra6+ 53. Ke7 Ra7+ 54. Ke6 Rb7 55. Kd6 Rb4 56. Ke7 Rxh4 57. e6 Re4 58. Rf7+ Kh6 59. Kf6 h4 60. Rf8 Kh5 61. e7 h3 62. e8=Q Rxe8 63. Rxe8 g5 64. Kxf5 Kh4 65. Rh8+ Kg3 66. Kxg5 h2 67. Rxh2 Kxh2 1/2-1/2


[Site "https://www.chess.com"]

[Event "Titled Tuesday Blitz October 18 Late 2022"]
[White "Mazurkiewicz, Michal"]
[Black "Pham, Khoi"]
[WhiteFideId "1124943"]
[BlackFideId "1054988"]
[WhiteElo "2063"]
[BlackElo "2459"]
[Result "1/2-1/2"]
[Round "10"]
[TimeControl "180+1"]
[Date "2022.10.19"]
[WhiteClock "0:00:13"]
[BlackClock "0:01:07"]

1. e4 e6 2. d3 d5 3. Nd2 Nf6 4. Ngf3 c5 5. g3 Nc6 6. Bg2 Be7 7. O-O O-O 8. e5 Nd7 9. Re1 b5 10. h4 b4 11. Nf1 a5 12. Bf4 Re8 13. Ne3 Bf8 14. h5 h6 15. Ng4 a4 16. a3 bxa3 17. bxa3 Rb8 18. Ngh2 Nd4 19. Nxd4 cxd4 20. Nf3 Bc5 21. g4 Be7 22. Nxd4 Qc7 23. Qd2 Rb2 24. Rab1 Rxb1 25. Rxb1 Bxa3 26. Nb5 Qc5 27. d4 Qf8 28. Ra1 Be7 29. Rxa4 Nb6 30. Ra7 Bd7 31. Qa5 Nc4 32. Qa6 Bxb5 33. Qxb5 Rb8 34. Qd7 Bh4 35. Bxd5 exd5 36. e6 fxe6 37. Bxb8 Qxf2+ 38. Kh1 Qf3+ 39. Kh2 Qf2+ 40. Kh1 Qf1+ 41. Kh2 Qf2+ 42. Kh1 1/2-1/2


[Site "https://www.chess.com"]